 Dungeon Crawl Stone Soup version 0.28-a0-984-g3775c662fe (webtiles) character file.

Game seed: 6077523685816754038

32 Snarg the Skirmisher (level 3, 29/29 HPs)
             Began as a Demonspawn Monk on Dec 4, 2021.
             Was a Believer of Yredelemnul.
             Quit the game on level 2 of the Dungeon.
             The game lasted 00:04:26 (1470 turns).

Snarg the Skirmisher (Demonspawn Monk)              Turns: 1470, Time: 00:04:27

Health: 29/29      AC:  3    Str: 13    XL:     3   Next: 8%
Magic:  3/3        EV: 12    Int: 11    God:    Yredelemnul [**....]
Gold:   62         SH:  0    Dex: 15    Spells: 2/2 levels left

rFire   . . .      SeeInvis .   a - +0 spear
rCold   . . .      Faith    .   (no shield)
rNeg    . . .      Spirit   .   o - +0 leather armour
rPois   .          Reflect  .   (no helmet)
rElec   .          Harm     .   (no cloak)
rCorr   .          Rampage  .   (no gloves)
Will    .....                   (no boots)
Stlth   ++........              (no amulet)
HPRegen 0.09/turn               (no ring)
MPRegen 0.08/turn               (no ring)

@: no status effects
A: powered by pain 1, weakness stinger 1
a: Renounce Religion, Animate Remains, Recall Undead Slaves, Injury Mirror


You were on level 2 of the Dungeon.
You worshipped Yredelemnul.
Yredelemnul was pleased with you.
You visited 1 branch of the dungeon, and saw 2 of its levels.

You collected 62 gold pieces.

Inventory:

Hand Weapons
 a - a +0 spear (weapon)
 j - a +0 halberd
 l - a +0 dagger
Missiles
 g - 78 stones (quivered)
 p - 19 poisoned darts
Armour
 b - a +0 robe
 o - a +0 leather armour (worn)
 q - a +0 ring mail
Jewellery
 d - an amulet of faith
Scrolls
 c - a scroll of summoning {unknown}
 e - a scroll of teleportation {unknown}
 i - a scroll of identify {unknown}
 k - a scroll of immolation {unknown}
 m - a scroll of enchant armour {unknown}
 r - a scroll of amnesia {unknown}
Potions
 f - a potion of berserk rage {unknown}
 h - a potion of attraction {unknown}
 n - 2 potions of lignification {unknown}


   Skills:
 + Level 3.4 Fighting
 + Level 3.1 Polearms
 + Level 2.9 Dodging
 + Level 2.0 Stealth


You had 2 spell levels left.
You didn't know any spells.
Your spell library was empty.

Dungeon Overview and Level Annotations

Branches:
Dungeon (2/15)

Altars:
Yredelemnul

Shops:
D:2 (

Annotations:
D:1 clr


Innate Abilities, Weirdness & Mutations

You sometimes gain a little power by taking damage.
You have a small tail.


Message History

The withered plant is lightly damaged.
You hit the withered plant.
You tail-slap the withered plant, but do no damage.
The withered plant is lightly damaged.
The withered plant crumbles away.
There is a faded altar of an unknown god here.
There is a faded altar of an unknown god here.
You cannot tell which god this altar belongs to.
Convert to them anyway?
Yredelemnul accepts your prayer! Yredelemnul welcomes you!
You can now animate remains.
You can now recall your undead slaves.
You can now mirror injuries on your foes.
g - 78 stones (gained 13)
You open the door.
There is an open door here.
You open the door.
You see here a +0 dagger.
You now have 62 gold pieces (gained 8).
A rat comes into view.
A rat is nearby!
Found Meostreo's Weapon Shop.
You closely miss the rat. The rat barely misses you.
You completely miss the rat.
Your tail-slap misses the rat.
The rat barely misses you.
You closely miss the rat. You hit the rat.
You kill the rat!
Yredelemnul accepts your kill.
No target in view!
A rat comes into view.
You hit the rat.
You kill the rat!
Yredelemnul accepts your kill.
No target in view!
No target in view!
There is an entrance to Meostreo's Weapon Shop here.
Unknown command.
Unknown command.
Unknown command.
Are you sure you want to abandon this character and quit the game? (Confirm with "yes".)

#........# #....###
#........# #.......
#........# ####.......
#...†....#####..........
######..................
#..................
##≈.≈....<..........
#≈≈.≈≈..##..........
#≈≈@≈≈####..........
#≈≈≈≈≈# #.......#..
#..≈≈≈## #.......#..
##.#### #.......#.. ..
.......#.. ###
.......#.. ########..
###


There were no monsters in sight!

Vanquished Creatures
  2 ball pythons (D:1)
  2 bats (D:1)
  4 endoplasms
  2 giant cockroaches (D:1)
  4 goblins
  2 hobgoblins (D:1)
  2 jackals (D:1)
  3 frilled lizards
  A kobold (D:1)
  8 rats
30 creatures vanquished.

Vanquished Creatures (others)
  3 plants (D:2)
  5 withered plants (D:2)
8 creatures vanquished.

Grand Total: 38 creatures vanquished

Notes
Turn   | Place    | Note
-------+----------+-------------------------------------------
     0 | D:1      | Snarg the Demonspawn Monk began the quest for the Orb.
     0 | D:1      | Reached XP level 1. HP: 18/18 MP: 1/1
   111 | D:1      | Gained mutation: You have a small tail. [demonic ancestry]
   111 | D:1      | Reached XP level 2. HP: 18/24 MP: 2/2
  1166 | D:2      | Gained mutation: You sometimes gain a little power by
                  | taking damage. [demonic ancestry]
  1166 | D:2      | Reached XP level 3. HP: 29/29 MP: 3/3
  1295 | D:2      | Found a faded altar of an unknown god.
  1337 | D:2      | Prayed at the altar of an unknown god.
  1337 | D:2      | Became a worshipper of Yredelemnul the Dark
  1337 | D:2      | Reached * piety under Yredelemnul
  1337 | D:2      | Reached ** piety under Yredelemnul
  1448 | D:2      | Found Meostreo's Weapon Shop.
  1470 | D:2      | Quit the game

Illustrated notes

Levels and vault maps discovered:
D:1:      minmay_arrival_glassed_features, layout_loops_cross
D:2:      layout_basic, serial_shops, nicolae_shop_waterfront,
          shapermc_ecumenical_altar_flowoftime, serial_corexii_hall,
          corexii_hall_statues_u, corexii_hall_statues_x

Skill      XL: |  1  2 |
---------------+-------+-----
Polearms       | 3 |  3.1
Stealth        | 2 |  2.0
Fighting       | |  3.4
Dodging        | |  2.9

Action                   || total
-------------------------++-------
Melee: Spear             ||   116
       Tailslap          ||    14
Throw: Stone             ||     8
 Stab: Sleeping          ||     6
Armor: Robe              ||     8
Dodge: Dodged            ||    37

Table legend: (Time is in decaauts)
 A = Elapsed time spent in this place.
 B = Non-inter-level travel time spent in this place.
 C = Inter-level travel time spent in this place.
 D = Time resting spent in this place.
 E = Time spent auto-exploring this place.
 F = Levels seen in this place.
 G = Mean time per level.
                   A        B        C        D        E       F      G
               +--------+--------+--------+--------+--------+-----+--------+
         Total |   1464 |   1455 |      9 |     87 |   1033 |   2 |  732.0 |
       Dungeon |   1464 |   1455 |      9 |     87 |   1033 |   2 |  732.0 |
               +--------+--------+--------+--------+--------+-----+--------+

Top non-repeatable levels by time:
     D:1: 975 daAuts
     D:2: 489 daAuts
